[ AOE2 MATCH · #495337308 ]
UnrankedEthiopians vs Dravidians
Rival team · LOSS
[ REPLAY ANALYSIS · EXTRACTED FROM THE RECORDED GAME ]
Feudal
9:01
Castle
19:33
Imperial
—
| APM avg | 83.9 |
| APM peak | 116 |
| eAPM avg | 25.3 |
| Villagers / military | 43 / 28 |
Focus
⚔️ 15.0% · 🌾 85.0%
Archer ×28
Feudal
10:38
Castle
14:10
Imperial
—
| APM avg | 38.0 |
| APM peak | 74 |
| eAPM avg | 18.6 |
| Villagers / military | 37 / 20 |
Focus
⚔️ 39.9% · 🌾 60.1%
Urumi Swordsman ×19 · Mangonel ×1
Match map
Initial resources + every placement click. Lines = walls · curves = elevation contours. ◆ gold · ⬟ stone · ● berries · ✦ relic · ◌ wall gap
Your base· Open — 1t gap
Marenamaar's base· Open — 1t gap
Smoothed initial terrain · ◌ = detected wall gap · hover for details
Inputs per minute
— Mongolsbiene - - Marenamaar
Build order — Mongolsbiene
120 actions detected in the replay
| 0:01 | Create | Villager (Male) |
| 0:01 | Create | Villager (Male) |
| 0:01 | Create | Villager (Male) |
| 0:01 | Create | Villager (Male) |
| 0:03 | Build | House |
| 0:05 | Build | House |
| 1:38 | Create | Villager (Male) |
| 1:45 | Build | Lumber Camp |
| 2:08 | Create | Villager (Male) |
| 2:08 | Create | Villager (Male) |
| 2:21 | Create | Villager (Male) |
| 2:56 | Create | Villager (Male) |
| 2:56 | Create | Villager (Male) |
| 2:57 | Create | Villager (Male) |
| 3:32 | Build | House |
| 3:47 | Create | Villager (Male) |
| 4:13 | Create | Villager (Male) |
| 4:23 | Build | Mining Camp |
| 4:31 | Create | Villager (Male) |
| 5:09 | Create | Villager (Male) |
| 5:33 | Create | Villager (Male) |
| 5:46 | Research | Loom |
| 5:46 | Create | Villager (Male) |
| 6:26 | Create | Villager (Male) |
| 6:51 | Research | Feudal Age |
| 6:51 | Research | Feudal Age |
| 7:09 | Build | House |
| 7:48 | Build | Barracks |
| 8:26 | Create | Villager (Male) |
| 8:27 | Create | Villager (Male) |
| 8:34 | Build | House |
| 9:01 | Age | Feudal Age |
| 9:04 | Build | Archery Range |
| 9:05 | Create | Villager (Male) |
| 9:07 | Research | Double-Bit Axe |
| 9:29 | Create | Villager (Male) |
| 9:45 | Create | Archer |
| 9:51 | Build | Blacksmith |
| 9:55 | Create | Villager (Male) |
| 10:20 | Create | Archer |
| 10:42 | Create | Archer |
| 10:54 | Research | Fletching |
| 10:54 | Research | Fletching |
| 10:54 | Research | Fletching |
| 11:15 | Create | Villager (Male) |
| 11:45 | Create | Archer |
| 11:46 | Create | Villager (Male) |
| 11:53 | Create | Archer |
| 12:09 | Build | Mill |
| 12:18 | Create | Villager (Male) |
| 12:23 | Build | House |
| 12:24 | Build | House |
| 12:25 | Build | House |
| 12:29 | Build | House |
| 12:35 | Create | Archer |
| 13:17 | Create | Archer |
| 13:18 | Create | Villager (Male) |
| 13:26 | Create | Archer |
| 13:51 | Build | Market |
| 13:53 | Create | Villager (Male) |
| 14:01 | Create | Villager (Male) |
| 14:27 | Create | Villager (Male) |
| 14:31 | Build | Mill |
| 15:10 | Create | Villager (Male) |
| 15:13 | Create | Archer |
| 15:36 | Build | Farm |
| 15:37 | Build | Farm |
| 15:38 | Build | Farm |
| 15:39 | Build | Farm |
| 15:41 | Build | Farm |
| 15:43 | Create | Villager (Male) |
| 15:44 | Create | Archer |
| 16:53 | Research | Castle Age |
| 16:54 | Research | Castle Age |
| 16:54 | Create | Archer |
| 17:11 | Create | Archer |
| 17:15 | Build | Archery Range |
| 17:50 | Create | Archer |
| 17:50 | Create | Archer |
| 17:55 | Build | House |
| 17:56 | Build | House |
| 18:19 | Create | Archer |
| 18:53 | Build | House |
| 18:53 | Build | House |
| 19:04 | Create | Archer |
| 19:18 | Create | Archer |
| 19:18 | Create | Archer |
| 19:33 | Age | Castle Age |
| 19:47 | Research | Crossbowman (upgrade) |
| 19:48 | Research | Crossbowman (upgrade) |
| 19:49 | Create | Villager (Male) |
| 19:49 | Create | Villager (Male) |
| 20:00 | Build | Town Center |
| 20:09 | Create | Archer |
| 20:12 | Create | Villager (Male) |
| 20:14 | Research | Town Watch |
| 20:14 | Research | Wheelbarrow |
| 20:23 | Research | Bow Saw |
| 20:38 | Build | Siege Workshop |
| 20:43 | Create | Villager (Male) |
| 20:47 | Build | Farm |
| 21:01 | Create | Archer |
| 21:14 | Build | Siege Workshop |
| 21:23 | Create | Villager (Male) |
| 21:50 | Build | Siege Workshop |
| 21:52 | Create | Villager (Male) |
| 21:53 | Create | Archer |
| 21:53 | Create | Archer |
| 21:53 | Create | Archer |
| 22:01 | Build | Siege Workshop |
| 22:59 | Create | Archer |
| 22:59 | Create | Archer |
| 23:00 | Create | Villager (Male) |
| 23:00 | Create | Villager (Male) |
| 23:33 | Create | Villager (Male) |
| 23:33 | Create | Villager (Male) |
| 23:33 | Create | Villager (Male) |
| 23:33 | Create | Archer |
| 23:34 | Create | Archer |
| 23:34 | Create | Archer |
Build order — Marenamaar
97 actions detected in the replay
| 0:00 | Create | Villager (Male) |
| 0:00 | Create | Villager (Male) |
| 0:02 | Build | House |
| 0:03 | Build | House |
| 0:13 | Create | Villager (Male) |
| 0:14 | Create | Villager (Male) |
| 1:30 | Create | Villager (Male) |
| 1:49 | Build | Lumber Camp |
| 1:52 | Create | Villager (Male) |
| 2:14 | Create | Villager (Male) |
| 2:52 | Create | Villager (Male) |
| 3:03 | Build | House |
| 3:06 | Create | Villager (Male) |
| 3:40 | Create | Villager (Male) |
| 3:54 | Build | Mill |
| 3:58 | Create | Villager (Male) |
| 4:37 | Create | Villager (Male) |
| 4:47 | Create | Villager (Male) |
| 5:23 | Create | Villager (Male) |
| 5:33 | Build | Mining Camp |
| 5:43 | Create | Villager (Male) |
| 6:05 | Create | Villager (Male) |
| 6:10 | Build | House |
| 6:20 | Build | House |
| 6:21 | Build | Palisade Wall |
| 6:23 | Build | Palisade Wall |
| 6:27 | Build | Palisade Wall |
| 6:32 | Create | Villager (Male) |
| 6:50 | Create | Villager (Male) |
| 7:10 | Create | Villager (Male) |
| 7:52 | Create | Villager (Male) |
| 8:16 | Create | Villager (Male) |
| 8:28 | Research | Feudal Age |
| 10:38 | Age | Feudal Age |
| 10:40 | Build | Market |
| 10:44 | Build | Blacksmith |
| 11:30 | Research | Castle Age |
| 12:07 | Research | Double-Bit Axe |
| 12:08 | Research | Horse Collar |
| 14:02 | Build | Farm |
| 14:06 | Build | Farm |
| 14:10 | Age | Castle Age |
| 14:16 | Build | Castle |
| 14:19 | Create | Villager (Male) |
| 14:20 | Create | Villager (Male) |
| 14:22 | Research | Scale Mail Armor |
| 14:22 | Research | Forging |
| 15:03 | Build | Farm |
| 15:06 | Build | Farm |
| 15:10 | Create | Villager (Male) |
| 15:13 | Build | Farm |
| 15:30 | Create | Urumi Swordsman |
| 15:37 | Build | Farm |
| 15:39 | Build | Farm |
| 15:46 | Build | Farm |
| 15:52 | Create | Urumi Swordsman |
| 16:04 | Create | Urumi Swordsman |
| 16:51 | Create | Urumi Swordsman |
| 16:51 | Create | Villager (Male) |
| 17:01 | Create | Urumi Swordsman |
| 17:07 | Create | Villager (Male) |
| 17:22 | Build | Farm |
| 17:24 | Build | Farm |
| 17:28 | Build | Farm |
| 17:40 | Build | Siege Workshop |
| 18:00 | Create | Urumi Swordsman |
| 18:00 | Create | Villager (Male) |
| 18:05 | Build | Mining Camp |
| 18:11 | Create | Urumi Swordsman |
| 18:14 | Build | Farm |
| 18:27 | Create | Urumi Swordsman |
| 18:38 | Create | Villager (Male) |
| 18:52 | Create | Villager (Male) |
| 18:52 | Create | Villager (Male) |
| 19:15 | Create | Urumi Swordsman |
| 19:19 | Build | Barracks |
| 19:52 | Create | Villager (Male) |
| 19:53 | Create | Urumi Swordsman |
| 19:54 | Create | Villager (Male) |
| 20:15 | Build | Siege Workshop |
| 20:23 | Create | Urumi Swordsman |
| 20:24 | Research | Squires |
| 20:28 | Create | Urumi Swordsman |
| 20:29 | Create | Villager (Male) |
| 20:39 | Build | Farm |
| 20:42 | Create | Urumi Swordsman |
| 20:58 | Create | Mangonel |
| 21:37 | Create | Urumi Swordsman |
| 21:38 | Create | Villager (Male) |
| 21:56 | Create | Urumi Swordsman |
| 21:56 | Create | Villager (Male) |
| 22:32 | Create | Urumi Swordsman |
| 22:32 | Create | Urumi Swordsman |
| 22:53 | Create | Urumi Swordsman |
| 22:54 | Create | Villager (Male) |
| 23:26 | Create | Urumi Swordsman |
| 23:27 | Create | Villager (Male) |
Match timeline
| 6:21 | Marenamaar · wall_segment Palisade Wall x1 |
| 6:23 | Marenamaar · wall_segment Palisade Wall x3 |
| 6:27 | Marenamaar · wall_segment Palisade Wall x1 |
| 7:48 | Mongolsbiene · first_building Barracks |
| 9:01 | Mongolsbiene · age_up feudal |
| 9:04 | Mongolsbiene · first_building Archery Range |
| 10:38 | Marenamaar · age_up feudal |
| 11:28 | Marenamaar · first_market_sell 100 stone |
| 14:10 | Marenamaar · age_up castle |
| 14:16 | Marenamaar · first_building Castle |
| 16:01 | Mongolsbiene · first_market_buy 100 food |
| 16:03 | Mongolsbiene · first_market_sell 100 stone |
| 17:40 | Marenamaar · first_building Siege Workshop |
| 19:19 | Marenamaar · first_building Barracks |
| 19:33 | Mongolsbiene · age_up castle |
| 20:22 | Marenamaar · first_market_buy 100 food |
| 20:38 | Mongolsbiene · first_building Siege Workshop |
| 23:39 | Marenamaar · resign |
[ AI ANALYSIS · 1 CREDIT ]
What really happened in this match?
Wolo.gg analyzes every decision: build order, eco, micro, common mistakes by bracket. Personalized analysis on WhatsApp or Discord in 30 seconds.
Civ guide
Ethiopians
Perfil
Jugador #2687195